 Dungeon Crawl Stone Soup version 0.29.0-11-gd7f09526c8 (webtiles) character file.

Game seed: 567732147514044223

72 MisterFreud the Slasher (level 4, -2/60 HPs)
             Began as a Minotaur Fighter on Sept 4, 2022.
             Slain by a gnoll
             ... wielding a +0 spear
              (6 damage)
             ... on level 2 of the Dungeon.
             The game lasted 00:02:19 (1973 turns).

MisterFreud the Slasher (Minotaur Fighter)          Turns: 1973, Time: 00:02:19

Health: -2/60      AC:  6    Str: 20    XL:     4   Next: 6%
Magic:  3/3        EV:  9    Int:  5    God:
Gold:   88         SH:  4    Dex: 12    Spells: 3/3 levels left

rFire   . . .      SeeInvis .   a - +0 long sword
rCold   . . .      Faith    .   c - +0 buckler
rNeg    . . .      Spirit   .   b - +0 scale mail
rPois   .          Reflect  .   (helmet restricted)
rElec   .          Harm     .   (no cloak)
rCorr   .          Rampage  .   (no gloves)
Will    .....                   (no boots)
Stlth   ..........              (no amulet)
HPRegen 0.20/turn               (no ring)
MPRegen 0.08/turn               (no ring)

@: berserking, very quick
A: horns 2, retaliatory headbutt
a: no special abilities


You were on level 2 of the Dungeon.
You visited 1 branch of the dungeon, and saw 2 of its levels.

You collected 88 gold pieces.

Inventory:

Hand Weapons
 a - a +0 long sword (weapon)
Armour
 b - a +0 scale mail (worn)
 c - a +0 buckler (worn)
Scrolls
 e - 2 scrolls of identify
 f - 2 scrolls of teleportation {unknown}
 g - a scroll of acquirement {unknown}
 k - a scroll of enchant weapon {unknown}
 l - a scroll of enchant armour {unknown}
 n - a scroll of immolation {unknown}
 o - a scroll of fear {unknown}
Potions
 d - 5 potions of might
 i - a potion of flight {unknown}
 j - a potion of heal wounds {unknown}
 m - a potion of brilliance {unknown}


   Skills:
 + Level 4.0 Fighting
 - Level 0.2(2.7) Short Blades
 - Level 5.0 Long Blades
 - Level 3.6 Armour
 - Level 3.6 Shields


You had 3 spell levels left.
You didn't know any spells.
Your spell library was empty.

Dungeon Overview and Level Annotations

Branches:
Dungeon (2/15)

Altars:


Innate Abilities, Weirdness & Mutations

You have a pair of horns on your head.
You reflexively headbutt those who attack you in melee.


Message History

A worm is nearby!
You barely miss the worm. Your headbutt misses the worm.
The worm is heavily wounded.
You block the worm's attack.
You hit the worm. You headbutt the worm.
You kill the worm!
A gnoll is nearby!
The gnoll shouts!
A gnoll is nearby!
A gnoll is nearby!
A gnoll is nearby!
You block the gnoll's attack. You block the gnoll's attack.
You barely miss the gnoll.
The gnoll shouts!
The gnoll hits you with a +0 halberd.
You closely miss the gnoll. Your headbutt misses the gnoll.
The gnoll hits you with a +0 halberd. x2
You hit the gnoll.
The gnoll is moderately wounded.
The gnoll closely misses you.
You hit the gnoll but do no damage.
The gnoll is moderately wounded.
The gnoll hits you with a +0 halberd!
You slash the gnoll!
You kill the gnoll!
The gnoll hits you from afar with a +0 halberd!
* * * LOW HITPOINT WARNING * * *
Your Fighting skill increases to level 4!
You have reached level 4!
You feel agile.
You aren't carrying any items that you can evoke.
As you read the scroll labelled FIUMIGHEUM, it crumbles to dust.
It is a scroll of identify.
h - a potion of berserk rage The gnoll barely misses you.
A red film seems to cover your vision as you go berserk!
You feel yourself moving faster!
You feel mighty! The gnoll closely misses you.
The gnoll hits you from afar with a +0 spear.
You die...

#.###.....#....................
#.....#.................#..
#.....#.........###.....#..
#.....#.....##.# .......#..
##>!...†....+ +.......#..
##...).....# #.......###
.............#####.
....................
#...##......@.......
.....+........)......
.#...##......gg...... #..
+..........#+##. #####...#..#
....#..# ......... ######
#..... . #....... ..


You could see 2 gnolls.

Vanquished Creatures
  2 gnolls (D:2)
  2 worms (D:2)
  A dart slug (D:2)
  2 bats
  4 endoplasms
  4 giant cockroaches
  6 goblins
  7 hobgoblins
  A quokka (D:1)
  2 ball pythons (D:1)
  3 frilled lizards
  5 kobolds
  3 rats (D:1)
42 creatures vanquished.

Notes
Turn   | Place    | Note
-------+----------+-------------------------------------------
     0 | D:1      | MisterFreud the Minotaur Fighter began the quest for the
                  | Orb.
     0 | D:1      | Reached XP level 1. HP: 19/19 MP: 0/0
   113 | D:1      | Reached skill level 3 in Long Blades
   173 | D:1      | Reached XP level 2. HP: 25/26 MP: 1/1
   377 | D:1      | Reached skill level 4 in Long Blades
   974 | D:2      | Reached XP level 3. HP: 26/31 MP: 2/2
  1614 | D:2      | Reached skill level 5 in Long Blades
  1972 | D:2      | Reached XP level 4. HP: 2/40 MP: 3/3
  1973 | D:2      | Slain by a gnoll

Illustrated notes

Levels and vault maps discovered:
D:1:      dpeg_arrival_arbitrary_a, layout_basic
D:2:      layout_basic, shapermc_ecumenical_altar_flowoftime,
          kennysheep_cluttered_room

Skill      XL: |  1  2  3 |
---------------+----------+-----
Long Blades    | 3 4 5 |  5.0
Fighting       | 4 |  4.0
Short Blades   | |  0.2
Armour         | |  3.6
Shields        | |  3.6

Action                   |  1- 3 |  4- 6 || total
-------------------------+-------+-------++-------
Melee: Long sword        |   106 |       ||   106
       Headbutt          |    14 |       ||    14
  Use: Scroll            |       |     1 ||     1
       Potion            |       |     1 ||     1
Armor: Scale mail        |    40 |       ||    40
Dodge: Dodged            |    42 |     2 ||    44
Block: Buckler           |    38 |       ||    38
